 Dungeon Crawl Stone Soup version 0.23.2-33-g5129a83184 (webtiles) character file.

Game seed: 2317896682467241784

4253 Folque the Destroyer (level 9, -3/64 HPs)
             Began as a Demigod Conjurer on July 14, 2019.
             Slain by Psyche
             ... wielding a +0 dagger of distortion
              (14 damage)
             ... on level 8 of the Dungeon.
             The game lasted 00:32:35 (11135 turns).

Folque the Destroyer (Demigod Conjurer)            Turns: 11135, Time: 00:32:36

Health: -3/64      AC: 10    Str: 13    XL:     9   Next: 84%
Magic:  1/16       EV: 12    Int: 23    God:
Gold:   667        SH:  0    Dex: 16    Spells: 0/14 levels left

rFire    . . .     SeeInvis .   s - +1 whip (elec)
rCold    . . .     Gourm    .   (no shield)
rNeg     + . .     Faith    .   M - +0 ring mail {rN+}
rPois    +         Spirit   .   n - +0 helmet
rElec    .         Reflect  .   (no cloak)
rCorr    .         Harm     .   Q - +0 pair of gloves
MR       .....                  x - +0 pair of boots
Stlth    +.........             (no amulet)
HPRegen  0.20/turn              r - ring of flight
MPRegen  0.15/turn              E - ring of poison resistance

@: no status effects
A: high mp 1
a: Evoke Flight


You were on level 8 of the Dungeon.
You were not hungry.

You visited 1 branch of the dungeon, and saw 9 of its levels.

You collected 667 gold pieces.

Inventory:

Hand Weapons
 d - a +0 short sword
 p - a +0 dagger of venom
 s - a +1 whip of electrocution (weapon)
 u - a +0 long sword
 y - a +0 flail of venom
Missiles
 w - 4 javelins (quivered)
Armour
 a - a +0 robe
 n - a +0 helmet (worn)
 q - a +0 ring mail
 x - a +0 pair of boots (worn)
 C - a +2 robe of fire resistance
 J - the +4 skin of Zhor {Hibernate rC+++ SInv}
   (You found it on level 7 of the Dungeon)

   It renders you almost immune to cold.
   It lets you see invisible.
 M - a +0 ring mail of positive energy (worn)
 O - a +2 scale mail of cold resistance
 Q - a +0 pair of gloves (worn)
Magical Staves
 L - an uncursed staff of wizardry {unknown}
 N - an uncursed staff of summoning
Jewellery
 r - a ring of flight (left hand)
 E - a ring of poison resistance (right hand)
 K - an uncursed ring of fire
Wands
 h - a wand of digging (6)
 i - a wand of polymorph (3)
 F - a wand of random effects (19)
Scrolls
 b - a scroll of fear
 e - a scroll of magic mapping
 g - 2 scrolls of remove curse
 k - 5 scrolls of identify
 l - 2 scrolls of immolation
 m - 2 scrolls of amnesia
 t - 2 scrolls of enchant weapon
 D - 3 scrolls of teleportation
 H - a scroll of fog {unknown}
 I - a scroll of enchant armour {unknown}
Potions
 f - a potion of berserk rage
 j - 2 potions of haste
 o - 2 potions of curing
 v - a potion of flight {unknown}
 z - a potion of ambrosia {unknown}
 A - a potion of mutation
 B - a potion of agility {unknown}
 G - a potion of magic {unknown}
 P - a potion of lignification {unknown}
Comestibles
 c - 10 rations
 R - 3 chunks of flesh


   Skills:
 - Level 1.0 Fighting
 - Level 6.6 Armour
 - Level 3.0 Dodging
 - Level 1.7 Stealth
 - Level 3.0 Spellcasting
 + Level 8.6 Conjurations
 - Level 7.2 Hexes
 * Level 2.4 Translocations


You couldn't memorise any spells.
You knew the following spells:

 Your Spells              Type           Power        Failure   Level  Hunger
a - Magic Dart            Conj           ####         1%          1    None
b - Searing Ray           Conj           #####.       1%          2    ##.....
c - Dazzling Spray        Conj/Hex       #####.       2%          3    ###....
d - Fulminant Prism       Conj/Hex       #####.....   9%          4    ####...
e - Force Lance           Conj/Tloc      ####....     22%         4    ####...

Your spell library contained the following spells:

 Spells                   Type           Power        Failure   Level  Hunger
 Confusing Touch          Hex            #####.       1%          1    None
 Iskenderun's Mystic Bla  Conj           #####...     6%          4    ####...
 Apportation              Tloc           ##....       9%          1    None
 Animate Skeleton         Necr           N/A          22%         1    None
 Pain                     Necr           #...         22%         1    None
 Summon Small Mammal      Summ           #...         22%         1    None
 Regeneration             Chrm/Necr      #.........   54%         3    ###....
 Vampiric Draining        Necr           #.........   54%         3    ###....
 Animate Dead             Necr           N/A          91%         4    ####...


Dungeon Overview and Level Annotations

Branches:
Dungeon (9/15)             Temple (0/1) D:4
   Lair: D:8-11         Orc: D:9-12

Shops:
D:6 *   D:7 (

Annotations:
D:8 Psyche


Innate Abilities, Weirdness & Mutations

You have an increased reservoir of magic. (+10% MP)


Message History

Psyche gestures at you while chanting. The magic dart hits you!
An ogre comes into view. It is wielding a +0 giant club.
A wyvern zombie comes into view.
Psyche hits you but does no damage. Space warps horribly around you!
Psyche hits you but does no damage. Space warps horribly around you!!
You climb upwards.
There is a stone staircase leading down here.
Psyche gestures at you while chanting. The magic dart hits you.
* * * LOW HITPOINT WARNING * * *
Psyche casts a spell at you. The magic dart hits you.
* * * LOW HITPOINT WARNING * * *
Psyche casts a spell at you. The puff of frost hits you!
* * * LOW HITPOINT WARNING * * *
You feel better. Psyche hits you but does no damage.
Space warps horribly around you!
You die...

##### #...# #...##### #...#
##.......#####...#####
#........'............
#........#####...####.
#........# #...# #.
#######........# #...# #.
#..........#########...####.
#.[....>..@@................
#........###########........
#........# #........
#........# #........
#........# #........
#........# #........
####'##### ##....... #.#
#....... #.############
#..####.


You could see Psyche.

Vanquished Creatures
  Harold (D:8)
  Sigmund (D:2)
  2 hungry ghosts
  Edmund (D:5)
  A floating eye (D:9)
  Duvessa (D:5)
  A phantom (D:5)
  2 sky beasts
  4 slaves
  2 ice beasts
  3 ogres
  A centaur (D:5)
  An eye of draining (D:5)
  6 bullfrogs
  Dowan (D:5)
  A scorpion (D:6)
  3 wights (D:9)
  3 howler monkeys
  5 crimson imps
  A bullfrog zombie (D:6)
  3 hounds
  5 jellies (D:8)
  3 orc priests (D:5)
  8 orc wizards
  An iguana (D:8)
  5 worker ants
  A hound skeleton (D:6)
  Robin (D:2)
  8 gnolls
  9 adders
  3 shadow imps
  6 oozes
  2 adder skeletons
  2 worms
  8 dart slugs
  3 leopard geckos
  37 orcs
  4 bats
  5 giant cockroaches
  12 goblins
  11 hobgoblins
  5 jackals (D:1)
  10 kobolds
  4 quokkas
  5 frilled lizards
  A jackal skeleton (D:6)
  A leopard gecko skeleton (D:6)
  A leopard gecko zombie (D:5)
  A quokka skeleton (D:7)
  9 rats
215 creatures vanquished.

Vanquished Creatures (others)
  18 fulminant prisms
  A plant (D:5)
19 creatures vanquished.

Grand Total: 234 creatures vanquished

Notes
Turn   | Place    | Note
-------+----------+-------------------------------------------
     0 | D:1      | Folque the Demigod Conjurer began the quest for the Orb.
     0 | D:1      | Reached XP level 1. HP: 14/14 MP: 5/5
    90 | D:1      | Reached XP level 2. HP: 5/22 MP: 5/7
   425 | D:1      | Reached skill level 4 in Conjurations
   567 | D:1      | Learned a level 2 spell: Searing Ray
   581 | D:1      | Reached skill level 1 in Fighting
   730 | D:1      | Reached XP level 3. HP: 20/28 MP: 5/8
  1074 | D:1      | Learned a level 3 spell: Dazzling Spray
  1485 | D:2      | Noticed Robin
  1606 | D:2      | Reached XP level 4. HP: 26/35 MP: 8/11
  1756 | D:2      | Killed Robin
  1942 | D:2      | Noticed Sigmund
  2494 | D:2      | Found an ornate altar of the Wu Jian Council.
  2495 | D:2      | Found an ancient bone altar of Kikubaaqudgha.
  2902 | D:3      | Reached skill level 1 in Hexes
  2976 | D:3      | Found a sacrificial altar of Ru.
  3247 | D:3      | Reached XP level 5. HP: 40/40 MP: 3/12
  3253 | D:3      | Learned a level 4 spell: Fulminant Prism
  3267 | D:3      | Found a burning altar of Makhleb.
  3762 | D:4      | Found a staircase to the Ecumenical Temple.
  3852 | D:4      | Noticed a sky beast
  3907 | D:4      | Killed a sky beast
  3907 | D:4      | Reached skill level 5 in Conjurations
  3907 | D:4      | Reached XP level 6. HP: 19/47 MP: 3/13
  4354 | D:5      | Entered Level 5 of the Dungeon
  4475 | D:5      | Reached XP level 7. HP: 51/52 MP: 2/14
  4896 | D:5      | Noticed Dowan
  4908 | D:5      | Found a radiant altar of Vehumet.
  4911 | D:5      | Noticed a hungry ghost
  4958 | D:5      | Killed a hungry ghost
  4958 | D:5      | Reached skill level 1 in Armour
  4986 | D:5      | Killed Dowan
  4986 | D:5      | Reached skill level 5 in Hexes
  5101 | D:5      | Noticed Duvessa
  5111 | D:5      | Killed Duvessa
  5122 | D:5      | Noticed Pikel
  5124 | D:5      | Noticed Pikel
  5124 | D:5      | Pikel changed into Pikel the eye of draining
  5526 | D:5      | Reached skill level 6 in Conjurations
  5542 | D:5      | Reached XP level 8. HP: 8/59 MP: 0/15
  6176 | D:2      | Killed Sigmund
  7223 | D:5      | Killed Pikel the eye of draining
  7506 | D:6      | Noticed Edmund
  7565 | D:5      | Killed Edmund
  7992 | D:6      | Found Dukhlece's General Store.
  8048 | D:6      | Reached skill level 7 in Conjurations
  8134 | D:6      | Reached skill level 5 in Armour
  8707 | D:7      | Reached XP level 9. HP: 56/64 MP: 8/16
  9101 | D:7      | Found the +4 skin of Zhor {Hibernate rC+++ SInv}
  9435 | D:7      | Found Qigoshrem's Weapon Shoppe.
  9889 | D:8      | Learned a level 4 spell: Force Lance
 10186 | D:8      | Noticed Harold
 10354 | D:8      | Killed Harold
 10354 | D:8      | Reached skill level 8 in Conjurations
 10651 | D:8      | Reached skill level 1 in Translocations
 10964 | D:9      | Noticed Psyche
 11105 | D:9      | Paralysed by a floating eye for 3 turns
 11134 | D:8      | HP: 3/64 [Psyche/puff of frost (8)]
 11135 | D:8      | Slain by Psyche

Skill      XL: |  1  2  3  4  5  6  7  8  9 |
---------------+----------------------------+-----
Spellcasting   | 2 3 |  3.0
Conjurations   | 4 5 6 7 8 |  8.6
Fighting       | 1 |  1.0
Hexes          | 2 3 4 5 6 7 |  7.2
Dodging        | 2 3 |  3.0
Armour         | 2 5 6 |  6.6
Translocations | 2 |  2.4
Stealth        | |  1.7

Action                   |  1- 3 |  4- 6 |  7- 9 || total
-------------------------+-------+-------+-------++-------
Melee: Short sword       |    78 |    74 |       ||   152
       Dagger            |     8 |       |       ||     8
       Whip              |       |    17 |   124 ||   141
       Unarmed           |       |       |     4 ||     4
 Cast: Magic Dart        |     8 |    10 |    19 ||    37
       Searing Ray       |    12 |    27 |    56 ||    95
       Fulminant Prism   |       |     3 |    15 ||    18
       Dazzling Spray    |       |     2 |    15 ||    17
       Force Lance       |       |       |     3 ||     3
Evoke: Wand              |       |       |     1 ||     1
  Use: Scroll            |     1 |     5 |     7 ||    13
       Potion            |       |       |     2 ||     2
 Stab: Sleeping          |     5 |     3 |     1 ||     9
       Distracted        |       |       |     1 ||     1
       Invisible         |       |       |     1 ||     1
  Eat: Chunk             |     3 |    10 |    19 ||    32
       Ration            |       |       |     3 ||     3
Armor: Robe              |    16 |    42 |    27 ||    85
       Ring mail         |       |       |    28 ||    28
Dodge: Dodged            |    58 |    94 |   139 ||   291
